 Dungeon Crawl Stone Soup version 0.28.0 (webtiles) character file.

Game seed: 6260380019014675987

217 Minsecho the Skirmisher (level 5, 0/48 HPs)
             Began as a Hill Orc Fighter on Feb 9, 2022.
             Was a Follower of Kikubaaqudgha.
             Slain by a scorpion (6 damage)
             ... on level 4 of the Dungeon.
             The game lasted 00:06:42 (3972 turns).

Minsecho the Skirmisher (Hill Orc Fighter)          Turns: 3972, Time: 00:06:42

Health: 0/48       AC:  9    Str: 21    XL:     5   Next: 94%
Magic:  5/5        EV:  7    Int: 14    God:    Kikubaaqudgha [*.....]
Gold:   112        SH:  4    Dex: 10    Spells: 4/4 levels left

rFire   + . .      SeeInvis .   a - +0 war axe
rCold   + . .      Faith    .   c - +0 buckler
rNeg    . . .      Spirit   .   q - +0 chain mail
rPois   +          Reflect  .   (no helmet)
rElec   +          Harm     .   (no cloak)
rCorr   +          Rampage  .   (no gloves)
Will    +....                   (no boots)
Stlth   ..........              (no amulet)
HPRegen 0.16/turn               e - +6 ring of intelligence
MPRegen 0.09/turn               h - ring of willpower

@: lethally poisoned (0 -> -3), resistant
A: no striking features
a: Renounce Religion, Receive Corpses


You were on level 4 of the Dungeon.
You worshipped Kikubaaqudgha.
Kikubaaqudgha was aware of your devotion.
You visited 1 branch of the dungeon, and saw 4 of its levels.

You collected 112 gold pieces.

Inventory:

Hand Weapons
 a - a +0 war axe (weapon)
Missiles
 n - 4 poisoned darts (quivered)
Armour
 b - a +0 scale mail
 c - a +0 buckler (worn)
 q - a +0 chain mail (worn)
Jewellery
 e - a +6 ring of intelligence (left hand)
 h - a ring of willpower (right hand)
 p - a ring of protection from cold
Scrolls
 g - a scroll of silence {unknown}
 i - a scroll of amnesia {unknown}
 k - a scroll of blinking {unknown}
 m - a scroll of noise {unknown}
 o - a scroll of enchant weapon {unknown}
Potions
 d - a potion of might
 j - a potion of ambrosia {unknown}
 l - a potion of curing {unknown}


   Skills:
 + Level 5.1 Fighting
 + Level 4.9 Axes
 + Level 4.2 Armour
 + Level 0.9 Dodging
 + Level 3.9 Shields


You had 4 spell levels left.
You didn't know any spells.
Your spell library contained the following spells:

 Spells                   Type           Power      Damage    Failure   Level
 Animate Skeleton         Necr           0%         N/A       98%         1
 Apportation              Tloc           0%         N/A       98%         1
 Summon Small Mammal      Summ           0%         N/A       98%         1
 Corpse Rot               Necr/Air       0%         N/A       99%         2
 Vampiric Draining        Necr           0%         2d6       100%        3
 Agony                    Necr           0%         N/A       100%        5


Dungeon Overview and Level Annotations

Branches:
Dungeon (4/15)
 Temple: D:4-7

Altars:
Kikubaaqudgha


Message History

A scorpion is nearby!
A scorpion is nearby!
You barely miss the scorpion. The scorpion stings you!
The scorpion stings you but does no damage.
You slash the scorpion!
The scorpion is almost dead.
The scorpion stings you!
The scorpion stings you but does no damage.
You closely miss the scorpion.
The scorpion is almost dead.
The scorpion stings you but does no damage.
You hit the scorpion.
The scorpion is almost dead.
You block the scorpion's attack.
The scorpion stings you but does no damage.
You hit the scorpion but do no damage.
The scorpion is almost dead.
The scorpion stings you.
You are poisoned.
The scorpion poisons you!
You hit the scorpion but do no damage.
The scorpion is almost dead.
You feel very sick.
The scorpion stings you but does no damage.
The scorpion stings you.
You closely miss the scorpion.
The scorpion is almost dead.
You feel sick. The scorpion stings you.
* * * LOW HITPOINT WARNING * * *
You barely miss the scorpion.
The scorpion is almost dead.
You feel sick. The scorpion stings you.
* * * LOW HITPOINT WARNING * * *
The scorpion stings you.
* * * LOW HITPOINT WARNING * * *
It was a potion of resistance.
You feel protected.
You feel sick. The scorpion stings you.
You die...
Kikubaaqudgha rasps: "You have failed me!
Welcome... death!"

.# #.#
#.# #.#
#.# #.#
####
#s#.#<#
#@##.#
#.#...#
#.#.#.#
#.#.###
#.#..
#.###
#. ##


You could see a scorpion.

Vanquished Creatures
  A hound (D:3)
  An iguana (D:4)
  5 gnolls
  6 adders
  A worm (D:3)
  A dart slug (D:1)
  An orc (D:4)
  8 ball pythons
  A bat (D:1)
  5 endoplasms
  2 giant cockroaches (D:1)
  4 goblins
  4 hobgoblins
  6 kobolds
  A quokka (D:1)
  6 frilled lizards
  5 rats
58 creatures vanquished.

Notes
Turn   | Place    | Note
-------+----------+-------------------------------------------
     0 | D:1      | Minsecho the Hill Orc Fighter began the quest for the Orb.
     0 | D:1      | Reached XP level 1. HP: 19/19 MP: 1/1
   164 | D:1      | Reached XP level 2. HP: 24/27 MP: 2/2
   654 | D:1      | Reached skill level 4 in Fighting
   800 | D:1      | Reached XP level 3. HP: 33/33 MP: 3/3
  1512 | D:2      | Reached XP level 4. HP: 29/41 MP: 4/4
  2204 | D:2      | Found a faded altar of an unknown god.
  2406 | D:2      | Prayed at the altar of an unknown god.
  2406 | D:2      | Became a worshipper of Kikubaaqudgha
  2406 | D:2      | Reached * piety under Kikubaaqudgha
  2406 | D:2      | Received a gift from Kikubaaqudgha
  2921 | D:3      | Reached XP level 5. HP: 41/47 MP: 5/5
  3225 | D:3      | Reached skill level 5 in Fighting
  3972 | D:4      | Slain by a scorpion

Illustrated notes

Levels and vault maps discovered:
D:1:      psy_arrival_dodecagon, layout_basic, minmay_lizard_pond
D:2:      layout_basic, basic_ecumenical_altar
D:3:      layout_basic
D:4:      layout_basic, nicolae_take_the_stairs

Skill      XL: |  1  2  3  4  5 |
---------------+----------------+-----
Fighting       | 4 5 |  5.1
Axes           | 3 4 |  4.9
Armour         | 4 |  4.2
Dodging        | |  0.9
Shields        | |  3.9

Action                   |  1- 3 |  4- 6 || total
-------------------------+-------+-------++-------
Melee: War axe           |   101 |   120 ||   221
  Use: Potion            |       |     1 ||     1
Armor: Scale mail        |    35 |    32 ||    67
       Chain mail        |       |    14 ||    14
Dodge: Dodged            |    61 |    48 ||   109
Block: Buckler           |    24 |    30 ||    54
